 Dungeon Crawl Stone Soup version 0.19.5 (webtiles) character file.

93 Lilleppy the Shield-Bearer (level 4, -1/35 HPs)
             Began as a Formicid Fighter on Mar 27, 2017.
             Slain by a worm (2 damage)
             ... on level 3 of the Dungeon.
             The game lasted 00:03:03 (1406 turns).

Lilleppy the Shield-Bearer (Formicid Fighter)       Turns: 1406, Time: 00:03:04

Health: -1/35      AC:  8    Str: 21    XL:     4   Next: 91%
Magic:  4/4        EV:  8    Int:  7    God:
Gold:   86         SH:  9    Dex: 11    Spells: 0 memorised, 3 levels left

rFire  + . .     SeeInvis +     a - +0 war axe
rCold  + . .     Gourm    .     b - +0 scale mail
rNeg   . . .     Faith    .     c - +0 shield
rPois  +         Spirit   .     (helmet unavailable)
rElec  +         Reflect  .     (no cloak)
rCorr  +         Harm     .     j - +0 pair of gloves
MR     .....                    (no boots)
Stlth  ..........               (no amulet)
                                (no ring)
                                p - ring of see invisible

@: resistant
A: permanent stasis, dig shafts and tunnels, four strong arms, antennae 3
a: Dig, Shaft Self


You were on level 3 of the Dungeon.
You were near starving.

You visited 1 branch of the dungeon, and saw 3 of its levels.

You collected 86 gold pieces.

Inventory:

Hand Weapons
 a - a +0 war axe (weapon)
Armour
 b - a +0 scale mail (worn)
 c - a +0 shield (worn)
 j - a +0 pair of gloves (worn)
Jewellery
 p - a ring of see invisible (left hand)
Scrolls
 g - a scroll of random uselessness {unknown}
 i - a scroll of recharging {unknown}
 k - a scroll of identify {unknown}
 l - a scroll of enchant armour {unknown}
 n - a scroll of fog {unknown}
 s - 2 scrolls of fear {unknown}
Potions
 d - 2 potions of might
 e - 2 potions of haste
 m - 2 potions of flight {unknown}
 o - a potion of berserk rage {unknown}
 r - a potion of mutation {unknown}
 t - a potion of agility {unknown}
Comestibles
 f - 2 bread rations
 q - a royal jelly


   Skills:
 + Level 3.5 Fighting
 + Level 3.1 Axes
 + Level 3.7 Armour
 + Level 0.8 Dodging
 + Level 0.3 Stealth
 + Level 4.5 Shields


You had 3 spell levels left.
You didn't know any spells.

Dungeon Overview and Level Annotations

Branches:
Dungeon (3/15)

Altars:


Innate Abilities, Weirdness & Mutations

You are under a permanent stasis effect.
You can dig through walls and to a lower floor.
Your four strong arms can wield two-handed weapons with a shield.
You have a pair of large antennae on your head. (SInv)


Message History

An iguana is nearby!
You hit the iguana.
You kill the iguana!
It was a potion of haste.
Your stasis keeps you stable.
It was a potion of resistance.
You feel protected. You block the worm's attack.
You hit the worm.
The worm is lightly wounded.
The worm bites you!
* * * LOW HITPOINT WARNING * * *
Your shield and scale mail prevent you from hitting the worm.
The worm is lightly wounded.
You hit the worm.
The worm is lightly wounded.
The worm barely misses you.
You slash the worm!
The worm is heavily wounded.
The worm bites you.
You die...

#.# #.#
#.#########.# {
#...........# {
####..##########
♣ #.....# ..
#.###.# ...#.#
#.# (...<.##.#
♣......#@#
♣......w!#
♣......###
..#...# ##.# #.
. . ..


You could see a worm.

Vanquished Creatures
  An iguana (D:3)
  2 adders (D:2)
  2 leopard geckos (D:1)
  7 bats
  2 giant cockroaches
  4 goblins
  7 hobgoblins
  2 jackals (D:1)
  2 quokkas (D:2)
  A ball python (D:2)
  6 frilled lizards
  5 kobolds
  4 rats
45 creatures vanquished.

Notes
Turn   | Place    | Note
-------+----------+-------------------------------------------
     0 | D:1      | Lilleppy the Formicid Fighter began the quest for the Orb.
     0 | D:1      | Reached XP level 1. HP: 18/18 MP: 1/1
   162 | D:1      | Reached XP level 2. HP: 21/24 MP: 2/2
   405 | D:1      | Reached skill level 4 in Shields
   604 | D:1      | Reached XP level 3. HP: 29/29 MP: 3/3
   802 | D:2      | Reached XP level 4. HP: 35/35 MP: 4/4
  1403 | D:3      | HP: 1/35 [worm (8)]
  1406 | D:3      | Slain by a worm

Skill      XL: |  1  2  3  4 |
---------------+-------------+-----
Shields        | 4 |  4.5
Axes           | 3 |  3.1
Fighting       | |  3.5
Armour         | |  3.7
Dodging        | |  0.8
Stealth        | |  0.3

Action                   |  1- 3 |  4- 6 || total
-------------------------+-------+-------++-------
Melee: War axe           |    77 |    69 ||   146
  Use: Scroll            |     1 |       ||     1
       Potion            |       |     2 ||     2
Armor: Scale mail        |    48 |    30 ||    78
Dodge: Dodged            |    39 |    29 ||    68
Block: Shield            |    44 |    51 ||    95
